[ AOE2 MATCH · #476744378 ]
1v1 RMLithuanians vs Franks
Player's team · LOSS
Rival team · WIN
[ REPLAY ANALYSIS · EXTRACTED FROM THE RECORDED GAME ]
Feudal
9:31
Castle
22:46
Imperial
—
| APM avg | 67.4 |
| APM peak | 112 |
| eAPM avg | 39.3 |
| Villagers / military | 155 / 150 |
Focus
⚔️ 21.2% · 🌾 78.8%
Knight ×123 · Spearman ×13 · Scout Cavalry ×6 · Monk ×5 · Battering Ram ×3
Feudal
9:09
Castle
25:12
Imperial
—
| APM avg | 46.8 |
| APM peak | 75 |
| eAPM avg | 23.0 |
| Villagers / military | 168 / 177 |
Focus
⚔️ 33.9% · 🌾 66.1%
Knight ×95 · Scout Cavalry ×65 · Battering Ram ×9 · Monk ×6 · Spearman ×2
Match map
Resources at game start + every placement click. Thick line = wall · dashed box = detected house wall. 🟡 gold · ⚪ stone · 🟢 berries · 🔶 boar · ⭕ relic
Inputs per minute
— Lith_KING - - Enkidu
Build order — Lith_KING
First 150 of 412 actions detected
| 0:00 | Create | Villager (Male) |
| 0:00 | Create | Villager (Male) |
| 0:01 | Create | Villager (Male) |
| 0:02 | Build | House |
| 0:03 | Build | House |
| 0:03 | Create | Villager (Male) |
| 0:25 | Create | Villager (Male) |
| 0:28 | Create | Villager (Male) |
| 0:29 | Create | Villager (Male) |
| 1:25 | Create | Villager (Male) |
| 1:25 | Create | Villager (Male) |
| 1:48 | Build | Lumber Camp |
| 1:59 | Create | Villager (Male) |
| 2:00 | Create | Villager (Male) |
| 2:25 | Create | Villager (Male) |
| 2:25 | Create | Villager (Male) |
| 2:25 | Create | Villager (Male) |
| 3:14 | Create | Villager (Male) |
| 3:14 | Create | Villager (Male) |
| 3:14 | Create | Villager (Male) |
| 3:24 | Build | House |
| 3:25 | Build | House |
| 4:05 | Build | House |
| 4:17 | Create | Villager (Male) |
| 4:18 | Create | Villager (Male) |
| 4:53 | Build | Mill |
| 4:56 | Create | Villager (Male) |
| 4:56 | Create | Villager (Male) |
| 5:28 | Create | Villager (Male) |
| 5:28 | Create | Villager (Male) |
| 5:28 | Create | Villager (Male) |
| 5:28 | Create | Villager (Male) |
| 5:29 | Create | Villager (Male) |
| 5:29 | Create | Villager (Male) |
| 5:37 | Research | Loom |
| 7:21 | Research | Feudal Age |
| 7:21 | Research | Feudal Age |
| 7:29 | Build | Barracks |
| 8:16 | Build | House |
| 8:59 | Build | House |
| 9:31 | Age | Feudal Age |
| 9:32 | Create | Villager (Male) |
| 9:34 | Build | Stable |
| 9:39 | Create | Villager (Male) |
| 9:49 | Research | Double-Bit Axe |
| 10:05 | Build | Mining Camp |
| 10:10 | Create | Villager (Male) |
| 10:15 | Create | Scout Cavalry |
| 10:16 | Create | Scout Cavalry |
| 10:16 | Create | Scout Cavalry |
| 10:16 | Create | Scout Cavalry |
| 10:24 | Build | Palisade Wall |
| 10:25 | Build | Palisade Wall |
| 10:53 | Create | Villager (Male) |
| 11:03 | Create | Villager (Male) |
| 11:05 | Create | Scout Cavalry |
| 11:05 | Create | Scout Cavalry |
| 11:38 | Create | Villager (Male) |
| 12:24 | Build | Farm |
| 12:25 | Build | Farm |
| 12:26 | Build | Farm |
| 12:28 | Build | Farm |
| 12:34 | Create | Villager (Male) |
| 12:40 | Create | Villager (Male) |
| 12:47 | Build | House |
| 12:54 | Build | Farm |
| 12:57 | Build | Farm |
| 13:00 | Build | Farm |
| 13:08 | Build | House |
| 13:09 | Build | House |
| 13:16 | Build | Farm |
| 13:17 | Build | Farm |
| 13:38 | Create | Villager (Male) |
| 13:50 | Create | Villager (Male) |
| 14:15 | Build | Lumber Camp |
| 14:37 | Build | House |
| 14:38 | Build | House |
| 14:47 | Create | Villager (Male) |
| 14:56 | Build | Blacksmith |
| 15:20 | Build | Farm |
| 15:23 | Create | Villager (Male) |
| 15:26 | Create | Villager (Male) |
| 15:27 | Create | Villager (Male) |
| 15:27 | Create | Villager (Male) |
| 15:40 | Create | Villager (Male) |
| 15:43 | Build | Farm |
| 16:22 | Create | Villager (Male) |
| 16:36 | Build | Palisade Wall |
| 16:38 | Build | Palisade Wall |
| 16:39 | Build | Palisade Wall |
| 16:43 | Build | Palisade Wall |
| 16:44 | Build | Palisade Wall |
| 16:46 | Build | Palisade Wall |
| 16:48 | Build | Palisade Wall |
| 16:49 | Build | Palisade Wall |
| 16:54 | Build | Palisade Wall |
| 17:09 | Create | Spearman |
| 17:09 | Create | Spearman |
| 17:43 | Create | Spearman |
| 17:46 | Build | Farm |
| 17:48 | Build | Farm |
| 18:07 | Create | Villager (Male) |
| 18:07 | Create | Villager (Male) |
| 18:44 | Create | Villager (Male) |
| 18:56 | Build | Farm |
| 18:57 | Build | Farm |
| 18:59 | Create | Villager (Male) |
| 19:08 | Create | Villager (Male) |
| 19:38 | Build | Palisade Wall |
| 19:43 | Build | Palisade Wall |
| 19:47 | Build | Palisade Wall |
| 19:51 | Build | Palisade Wall |
| 19:52 | Build | Palisade Wall |
| 20:06 | Research | Castle Age |
| 20:27 | Create | Spearman |
| 20:30 | Build | Stable |
| 20:46 | Research | Forging |
| 21:19 | Research | Bloodlines |
| 21:30 | Build | Stable |
| 21:56 | Create | Spearman |
| 21:59 | Create | Spearman |
| 22:14 | Research | Scale Barding Armor |
| 22:24 | Build | Palisade Wall |
| 22:25 | Build | Palisade Wall |
| 22:26 | Build | Palisade Wall |
| 22:31 | Create | Villager (Male) |
| 22:39 | Create | Spearman |
| 22:40 | Create | Spearman |
| 22:44 | Build | Farm |
| 22:44 | Build | Farm |
| 22:46 | Age | Castle Age |
| 22:50 | Create | Knight |
| 22:50 | Create | Knight |
| 22:51 | Create | Knight |
| 22:51 | Create | Knight |
| 23:00 | Create | Villager (Male) |
| 23:09 | Create | Knight |
| 23:09 | Create | Knight |
| 23:42 | Create | Knight |
| 23:42 | Create | Knight |
| 23:43 | Create | Knight |
| 23:43 | Create | Knight |
| 23:50 | Build | Town Center |
| 24:10 | Create | Villager (Male) |
| 24:15 | Create | Villager (Male) |
| 24:18 | Create | Villager (Male) |
| 24:28 | Build | Farm |
| 24:30 | Create | Villager (Male) |
| 24:45 | Research | Husbandry |
| 24:47 | Create | Villager (Male) |
Build order — Enkidu
First 150 of 521 actions detected
| 0:02 | Create | Villager (Male) |
| 0:02 | Create | Villager (Male) |
| 0:03 | Create | Villager (Male) |
| 0:04 | Build | House |
| 0:06 | Build | House |
| 0:29 | Create | Villager (Male) |
| 0:29 | Create | Villager (Male) |
| 1:38 | Create | Villager (Male) |
| 1:39 | Create | Villager (Male) |
| 1:59 | Build | Lumber Camp |
| 2:06 | Create | Villager (Male) |
| 2:31 | Create | Villager (Male) |
| 3:06 | Create | Villager (Male) |
| 3:20 | Create | Villager (Male) |
| 4:02 | Create | Villager (Male) |
| 4:02 | Create | Villager (Male) |
| 4:14 | Create | Villager (Male) |
| 4:21 | Build | House |
| 4:31 | Build | Mill |
| 4:39 | Create | Villager (Male) |
| 4:50 | Build | House |
| 5:07 | Create | Villager (Male) |
| 5:28 | Create | Villager (Male) |
| 6:05 | Create | Villager (Male) |
| 6:08 | Research | Loom |
| 6:59 | Research | Feudal Age |
| 7:09 | Build | Lumber Camp |
| 7:50 | Create | Villager (Male) |
| 8:28 | Build | Barracks |
| 9:09 | Age | Feudal Age |
| 9:19 | Research | Double-Bit Axe |
| 9:23 | Build | Stable |
| 9:25 | Create | Villager (Male) |
| 9:39 | Create | Villager (Male) |
| 9:45 | Build | Farm |
| 9:51 | Build | House |
| 9:53 | Build | House |
| 10:00 | Create | Villager (Male) |
| 10:07 | Build | Farm |
| 10:14 | Create | Scout Cavalry |
| 10:21 | Build | Farm |
| 10:38 | Build | Farm |
| 10:41 | Build | Farm |
| 10:44 | Create | Villager (Male) |
| 10:55 | Build | Farm |
| 11:10 | Create | Scout Cavalry |
| 11:14 | Build | Farm |
| 11:27 | Create | Villager (Male) |
| 11:30 | Build | Farm |
| 11:48 | Build | Blacksmith |
| 11:53 | Create | Villager (Male) |
| 12:04 | Create | Spearman |
| 12:05 | Create | Spearman |
| 12:26 | Create | Scout Cavalry |
| 12:28 | Build | Farm |
| 12:37 | Create | Villager (Male) |
| 12:38 | Create | Villager (Male) |
| 12:44 | Build | House |
| 12:51 | Build | House |
| 12:52 | Build | House |
| 12:53 | Create | Villager (Male) |
| 13:05 | Build | Palisade Wall |
| 13:07 | Create | Villager (Male) |
| 13:15 | Build | Farm |
| 13:19 | Build | Farm |
| 13:48 | Create | Scout Cavalry |
| 13:48 | Create | Scout Cavalry |
| 13:51 | Create | Scout Cavalry |
| 14:33 | Create | Villager (Male) |
| 14:34 | Create | Villager (Male) |
| 14:37 | Build | Farm |
| 14:43 | Build | House |
| 14:45 | Create | Villager (Male) |
| 14:50 | Create | Villager (Male) |
| 14:54 | Create | Scout Cavalry |
| 14:57 | Build | Farm |
| 15:20 | Research | Forging |
| 15:25 | Build | Farm |
| 15:34 | Build | House |
| 15:40 | Create | Villager (Male) |
| 15:43 | Create | Scout Cavalry |
| 15:44 | Create | Scout Cavalry |
| 15:47 | Build | Farm |
| 16:10 | Create | Villager (Male) |
| 16:23 | Create | Villager (Male) |
| 16:24 | Create | Villager (Male) |
| 16:26 | Build | Farm |
| 16:27 | Build | Farm |
| 16:36 | Create | Villager (Male) |
| 16:40 | Create | Villager (Male) |
| 16:44 | Build | House |
| 16:53 | Create | Villager (Male) |
| 17:02 | Create | Scout Cavalry |
| 17:15 | Build | Farm |
| 17:17 | Build | House |
| 17:19 | Research | Scale Barding Armor |
| 17:28 | Create | Villager (Male) |
| 17:48 | Create | Villager (Male) |
| 17:51 | Create | Scout Cavalry |
| 17:54 | Build | House |
| 18:02 | Create | Villager (Male) |
| 18:09 | Build | Mining Camp |
| 18:39 | Create | Villager (Male) |
| 18:42 | Build | House |
| 18:44 | Create | Scout Cavalry |
| 18:45 | Create | Scout Cavalry |
| 18:54 | Create | Villager (Male) |
| 19:00 | Build | Farm |
| 19:02 | Build | House |
| 19:08 | Build | Stable |
| 19:37 | Create | Villager (Male) |
| 19:41 | Create | Villager (Male) |
| 19:50 | Create | Scout Cavalry |
| 20:16 | Create | Villager (Male) |
| 20:45 | Create | Villager (Male) |
| 20:47 | Create | Scout Cavalry |
| 20:51 | Build | Stable |
| 20:56 | Create | Villager (Male) |
| 21:02 | Build | Farm |
| 21:05 | Build | Farm |
| 21:25 | Create | Villager (Male) |
| 21:40 | Create | Villager (Male) |
| 22:22 | Research | Castle Age |
| 22:48 | Create | Villager (Male) |
| 22:52 | Build | House |
| 23:22 | Create | Villager (Male) |
| 23:27 | Build | House |
| 23:29 | Build | House |
| 23:44 | Build | Lumber Camp |
| 23:51 | Create | Villager (Male) |
| 24:16 | Create | Scout Cavalry |
| 24:17 | Create | Scout Cavalry |
| 24:27 | Create | Villager (Male) |
| 24:52 | Create | Scout Cavalry |
| 24:53 | Create | Scout Cavalry |
| 24:56 | Create | Scout Cavalry |
| 25:05 | Build | Building 796 |
| 25:12 | Age | Castle Age |
| 25:13 | Research | Bow Saw |
| 25:13 | Research | Bow Saw |
| 25:16 | Create | Knight |
| 25:17 | Create | Knight |
| 25:17 | Create | Knight |
| 25:17 | Create | Knight |
| 25:17 | Create | Knight |
| 25:19 | Build | House |
| 25:29 | Build | House |
| 25:32 | Create | Knight |
| 25:32 | Create | Knight |
| 25:33 | Create | Knight |
Match timeline
| 7:29 | Lith_KING · first_building Barracks |
| 8:28 | Enkidu · first_building Barracks |
| 9:09 | Enkidu · age_up feudal |
| 9:23 | Enkidu · first_building Stable |
| 9:31 | Lith_KING · age_up feudal |
| 9:34 | Lith_KING · first_building Stable |
| 10:24 | Lith_KING · wall_segment Palisade Wall x1 |
| 10:25 | Lith_KING · wall_segment Palisade Wall x1 |
| 13:05 | Enkidu · wall_segment Palisade Wall x1 |
| 16:36 | Lith_KING · wall_segment Palisade Wall x1 |
| 16:38 | Lith_KING · wall_segment Palisade Wall x4 |
| 16:39 | Lith_KING · wall_segment Palisade Wall x1 |
| 16:43 | Lith_KING · wall_segment Palisade Wall x1 |
| 16:44 | Lith_KING · wall_segment Palisade Wall x1 |
| 16:46 | Lith_KING · wall_segment Palisade Wall x1 |
| 16:48 | Lith_KING · wall_segment Palisade Wall x3 |
| 16:49 | Lith_KING · wall_segment Palisade Wall x1 |
| 16:54 | Lith_KING · wall_segment Palisade Wall x1 |
| 19:38 | Lith_KING · wall_segment Palisade Wall x3 |
| 19:43 | Lith_KING · wall_segment Palisade Wall x1 |
| 19:47 | Lith_KING · wall_segment Palisade Wall x1 |
| 19:51 | Lith_KING · wall_segment Palisade Wall x1 |
| 19:52 | Lith_KING · wall_segment Palisade Wall x1 |
| 22:24 | Lith_KING · wall_segment Palisade Wall x1 |
| 22:25 | Lith_KING · wall_segment Palisade Wall x1 |
| 22:26 | Lith_KING · wall_segment Palisade Wall x1 |
| 22:46 | Lith_KING · age_up castle |
| 25:12 | Enkidu · age_up castle |
| 26:15 | Enkidu · wall_segment Palisade Wall x1 |
| 26:22 | Lith_KING · first_building Monastery |
| 26:25 | Enkidu · wall_segment Palisade Wall x1 |
| 29:16 | Enkidu · first_building Monastery |
| 34:37 | Enkidu · first_building Siege Workshop |
| 39:27 | Enkidu · first_building Castle |
| 39:49 | Lith_KING · first_building Siege Workshop |
| 40:48 | Lith_KING · first_building Castle |
| 42:03 | Enkidu · wall_segment Palisade Wall x6 |
| 42:06 | Enkidu · wall_segment Palisade Wall x5 |
| 48:17 | Lith_KING · wall_segment Stone Wall x1 |
| 50:47 | Lith_KING · resign |
[ AI ANALYSIS · 1 CREDIT ]
What really happened in this match?
Wolo.gg analyzes every decision: build order, eco, micro, common mistakes by bracket. Personalized analysis on WhatsApp or Discord in 30 seconds.
Civ guide
Lithuanians
Map guide
Golden Pit
Perfil
Lith_KING